 Dungeon Crawl Stone Soup version 0.29.0-4-gdea44cf6ec (webtiles) character file.

Game seed: 10810594946195598637

33035 qw the Brawler (level 13, -3/124 HPs)
             Began as a Troll Cinder Acolyte on Aug 31, 2022.
             Was an Initiate of Ignis.
             Slain by a ten-headed hydra (6 damage)
             ... on level 3 of the Lair of Beasts.
             The game lasted 00:08:21 (13226 turns).

qw the Brawler (Troll Cinder Acolyte)              Turns: 13226, Time: 00:08:22

Health: -3/124     AC:  6    Str: 35    XL:     13   Next: 34%
Magic:  13/13      EV:  8    Int: 14    God:    Ignis [......]
Gold:   668        SH: 19    Dex:  5    Spells: 14/14 levels left

rFire   + + +      SeeInvis .     - Unarmed
rCold   + + .      Faith    .   r - +5 kite shield of Love and Death {Str+6 Int+4}
rNeg    . . .      Spirit   .   l - +2 robe {rC+ rF+}
rPois   .          Reflect  +   (helmet restricted)
rElec   .          Harm     .   y - scarf {rC+ rF+}
rCorr   +          Rampage  .   (gloves unavailable)
Will    +....                   (boots unavailable)
Stlth   +.........              t - amulet of reflection
HPRegen 1.10/turn               p - ring of resist corrosion
MPRegen 0.13/turn               w - ring of willpower

@: about to teleport
A: large, unfitting armour, claws 3, regeneration 1, shaggy fur 1, tough skin 1
a: Renounce Religion, Rising Flame


You were on level 3 of the Lair of Beasts.
You worshipped Ignis.
Ignis was noncommittal.
You visited 2 branches of the dungeon, and saw 14 of its levels.
You also visited: Sewer and Gauntlet.

You collected 1019 gold pieces.
You spent 351 gold pieces at shops.


Innate Abilities, Weirdness & Mutations

You are too large for most types of armour.
You have claws for hands.
Your natural rate of healing is unusually fast.
You are covered in fur. (AC +1)
You have tough skin. (AC +1)


   Skills:
 - Level 7.0 Fighting
 - Level 7.0 Throwing
 - Level 1.2 Armour
 - Level 2.1 Dodging
 - Level 11.2 Shields
 + Level 16.1 Unarmed Combat
 - Level 1.0 Spellcasting
 - Level 2.1 Fire Magic


You had 14 spell levels left.
You didn't know any spells.
Your spell library contained the following spells:

 Spells                   Type           Power      Damage    Failure   Level
 Scorch                   Fire           12%        2d6       28%         2

Inventory:

Missiles
 b - 4 silver javelins
 s - 14 boomerangs
 u - 11 large rocks (quivered)
 A - 4 javelins
Armour
 l - a +2 robe of resistance (worn)
 o - +2 steam dragon scales
 q - the +1 cloak of the Land of Plenty {-Tele rF+++ Will- Regen+}
   (You found it on level 9 of the Dungeon)

   rF:        It renders you almost immune to fire.
   -Tele:     It prevents most forms of teleportation.
   Regen:     It increases your rate of health regeneration.
   Will:      It decreases your willpower.
 r - the +5 kite shield of Love and Death (worn) {Str+6 Int+4}
   (You found it on level 4 of the Dungeon)

   Str:       It affects your strength (+6).
   Int:       It affects your intelligence (+4).
 y - a scarf of resistance (worn)
Jewellery
 c - a ring of fire
 d - a ring of ice
 f - a ring of fire
 p - a ring of resist corrosion (left claw)
 t - an amulet of reflection (around neck)
 w - a ring of willpower (right claw)
 x - a ring of ice
 D - an amulet of magic regeneration
Wands
 h - a wand of digging (4)
Scrolls
 e - 3 scrolls of identify
 j - 7 scrolls of teleportation
 n - a scroll of enchant weapon
 B - 2 scrolls of enchant armour
 C - a scroll of immolation {unknown}
Potions
 a - 2 potions of cancellation
 g - 8 potions of curing
 i - 3 potions of might
 k - 2 potions of resistance
 m - 4 potions of mutation
 v - a potion of haste

Dungeon Overview and Level Annotations

Branches:
Dungeon (11/15)            Temple (0/1) D:6            Lair (3/5) D:11
  Swamp (0/4) Lair:3        Snake (0/4) Lair:3          Orc (0/2) D:10
  Sewer (visited)         Gauntlet (visited)

Altars:
Ashenzari
Elyvilon
Fedhas
Hepliaklqana
Trog
Xom

Shops:
D:4 =   D:7 (*!(=   D:8 !   D:9 *

Annotations:
D:10 2 transporters


Message History

The nine-headed hydra barely misses you.
The nine-headed hydra bites you!
You rip one of the nine-headed hydra's heads off!
The eight-headed hydra grows two more!
You scratch the ten-headed hydra.
The ten-headed hydra is lightly wounded.
You block the ten-headed hydra's attack.
The ten-headed hydra barely misses you.
The ten-headed hydra completely misses you.
The ten-headed hydra bites you! x2
You block the ten-headed hydra's attack.
The ten-headed hydra bites you! The ten-headed hydra bites you.
The ten-headed hydra barely misses you.
You block the ten-headed hydra's attack.
13224 ||| READING 8 scrolls of teleportation.
As you read the scroll of teleportation, it crumbles to dust.
You feel strangely unstable. The ten-headed hydra bites you!
You block the ten-headed hydra's attack. x2
The ten-headed hydra misses you.
The ten-headed hydra bites you but does no damage.
The ten-headed hydra bites you! The ten-headed hydra bites you.
The ten-headed hydra closely misses you.
You block the ten-headed hydra's attack. x2
13225 ||| DRINKING potion of heal wounds.
You feel much better.
You block the ten-headed hydra's attack. x2
The ten-headed hydra bites you!
The ten-headed hydra bites you but does no damage.
The ten-headed hydra barely misses you.
You block the ten-headed hydra's attack.
The ten-headed hydra bites you but does no damage.
You block the ten-headed hydra's attack.
The ten-headed hydra bites you!
The ten-headed hydra closely misses you.
You barely miss the ten-headed hydra.
The ten-headed hydra is lightly wounded.
The ten-headed hydra bites you.
You block the ten-headed hydra's attack. x3
The ten-headed hydra bites you! The ten-headed hydra bites you.
You die...

..........##....#...##P#.########
......P......................# #.
.....>......#P.##..P###.###..# ##
......P.....##.##.P## ####...##
.........##.##.#..# ##...#
....).P.###..#.#..#### ##.##
............#......#.# ####%#
........P.###..D....#####.#..##
.........#.....#@.............#
...............##...#...##.####
.#....#..###..#............##
##%..##..####.###..#######..#
###%##...##....PP...###.....##
###................##........#
##..#####P###...#P.#..#.#.#.##
##...# # #...####.##..######
P#.PP# ##..#####.##..#


You could see a ten-headed hydra.

Vanquished Creatures
  A minotaur (Gauntlet)
  Fannar (Lair:1)
  3 two-headed ogres
  Erica (D:9)
  5 death yaks (Gauntlet)
  2 bog bodies (Lair:3)
  An ugly thing (D:11)
  2 cyclopes (D:11)
  2 oklob plants
  3 elephants (Lair:3)
  Joseph (D:8)
  A black mamba (Lair:2)
  5 cane toads
  Maggie (Lair:2)
  A gargoyle (D:11)
  2 torpor snails
  3 komodo dragons
  3 polar bears
  4 hornets
  2 large abominations (Gauntlet)
  13 blink frogs
  7 dream sheep
  A shadow (D:9)
  2 wraiths (D:11)
  2 wyverns
  22 yaks
  A basilisk (Lair:3)
  3 vampire mosquitoes (D:10)
  Grum (D:8)
  2 steam dragons (D:6)
  3 acid dragons (D:11)
  Duvessa (D:7)
  5 small abominations (Gauntlet)
  7 water moccasins
  7 orc warriors
  3 ice beasts
  A sky beast (D:7)
  3 black bears
  3 ogres
  12 wolves
  3 centaurs
  3 phantoms
  A kobold brigand (D:10)
  A necrophage (D:6)
  3 scorpions
  9 bullfrogs
  5 gnoll sergeants
  5 wights (D:8)
  Dowan (D:7)
  15 killer bees
  3 electric eels
  11 hounds
  8 orc priests
  4 jellies (Sewer)
  3 gnoll boudas (D:8)
  5 iguanas
  Natasha (twice) (D:2)
  9 orc wizards
  Ijyb (D:3)
  21 gnolls
  A river rat (Sewer)
  6 adders
  A white imp (D:7)
  An ufetubus (D:4)
  A worm (D:3)
  A dart slug (D:1)
  43 orcs
  16 ball pythons
  7 endoplasms
  3 giant cockroaches (Sewer)
  7 goblins
  6 hobgoblins
  7 jackals
  15 kobolds
  2 quokkas
  4 bats
  9 frilled lizards
  10 rats
396 creatures vanquished.

Vanquished Creatures (others)
  A kobold (D:10)
  10 fungi
  9 plants
20 creatures vanquished.

Grand Total: 416 creatures vanquished

Notes
Turn   | Place    | Note
-------+----------+-------------------------------------------
     0 | D:1      | qw the Troll Cinder Acolyte began the quest for the Orb.
     0 | D:1      | Reached XP level 1. HP: 22/22 MP: 1/1
     0 | D:1      | 0 ||| qw: Version: 0.1-a-97-g2dd2ca4
     0 | D:1      | 0 ||| qw: Game counter: 4565
     0 | D:1      | 0 ||| qw: Always use a shield: true
     0 | D:1      | 0 ||| qw: God list: Okawaru
     0 | D:1      | 0 ||| qw: Allow faded altars: false
     0 | D:1      | 0 ||| qw: Do Orc after D:15 true
     0 | D:1      | 0 ||| qw: Do second Lair branch before Depths: true
     0 | D:1      | 0 ||| qw: Lair rune preference: random
     0 | D:1      | 0 ||| qw: Plans: Normal
     0 | D:1      | 0 ||| PLANNING D:1-11
     6 | D:1      | Noticed a killer bee
     6 | D:1      | Noticed an iguana
     7 | D:1      | Noticed a polar bear
    71 | D:1      | Found a faded altar of an unknown god.
    99 | D:1      | 99 ||| Stepping ~*~*~tactically~*~*~ (hiding).
   368 | D:1      | Reached XP level 2. HP: 29/29 MP: 2/2
   381 | D:1      | 381 ||| Stepping ~*~*~tactically~*~*~ (stealth).
   878 | D:1      | 878 ||| READING 3 scrolls labelled LOYPATE FE LOMM.
   879 | D:1      | 879 ||| READING scroll labelled MUTRIBES ISUWK.
   880 | D:1      | 880 ||| READING 2 scrolls labelled BEFEINO TIBBYEP.
   883 | D:1      | 883 ||| READING 2 scrolls of identify.
   883 | D:1      | 883 ||| IDENTIFYING dark potion
   907 | D:2      | 907 ||| Stepping ~*~*~tactically~*~*~ (outnumbered).
   908 | D:2      | 908 ||| Stepping ~*~*~tactically~*~*~ (outnumbered).
   912 | D:2      | Reached skill level 4 in Unarmed Combat
   941 | D:2      | 941 ||| Stepping ~*~*~tactically~*~*~ (stealth).
   978 | D:2      | Found a white marble altar of Elyvilon.
  1024 | D:2      | Reached XP level 3. HP: 36/36 MP: 3/3
  1174 | D:2      | Noticed Natasha
  1175 | D:2      | 1175 ||| Stepping ~*~*~tactically~*~*~ (stealth).
  1181 | D:2      | Killed Natasha
  1212 | D:2      | Noticed Natasha
  1222 | D:2      | Killed Natasha
  1223 | D:2      | Reached skill level 5 in Unarmed Combat
  1223 | D:2      | Reached XP level 4. HP: 44/44 MP: 4/4
  1367 | D:2      | 1367 ||| READING scroll labelled WEMYLI ROJEBI.
  1368 | D:2      | 1368 ||| DRINKING 4 ruby potions.
  1389 | D:3      | 1389 ||| PLANNING SEWER
  1409 | D:3      | Noticed Ijyb
  1421 | D:3      | Killed Ijyb
  1468 | D:3      | 1468 ||| Stepping ~*~*~tactically~*~*~ (stealth).
  1614 | D:3      | 1614 ||| Stepping ~*~*~tactically~*~*~ (outnumbered).
  1626 | D:3      | Reached XP level 5. HP: 50/50 MP: 5/5
  1760 | D:3      | Found a glowing drain.
  1761 | D:3      | 1761 ||| READING scroll labelled POMOUC ISSIGA.
  1762 | D:3      | 1762 ||| DRINKING 2 sedimented brown potions.
  1779 | D:3      | 1779 ||| DROPPING potion of lignification.
  1803 | Sewer    | Entered a sewer
  1853 | Sewer    | 1853 ||| Stepping ~*~*~tactically~*~*~ (outnumbered).
  1854 | Sewer    | 1854 ||| Stepping ~*~*~tactically~*~*~ (outnumbered).
  1855 | Sewer    | 1855 ||| Stepping ~*~*~tactically~*~*~ (outnumbered).
  1857 | Sewer    | 1857 ||| Stepping ~*~*~tactically~*~*~ (outnumbered).
  1860 | Sewer    | Reached skill level 6 in Unarmed Combat
  1877 | Sewer    | 1877 ||| Stepping ~*~*~tactically~*~*~ (stealth).
  1934 | Sewer    | 1934 ||| Stepping ~*~*~tactically~*~*~ (stealth).
  1939 | Sewer    | 1939 ||| Stepping ~*~*~tactically~*~*~ (outnumbered).
  2021 | Sewer    | 2021 ||| Stepping ~*~*~tactically~*~*~ (stealth).
  2046 | Sewer    | Reached XP level 6. HP: 59/59 MP: 6/6
  2049 | Sewer    | Found a viscous altar of Jiyva.
  2095 | Sewer    | Reached skill level 7 in Unarmed Combat
  2115 | Sewer    | 2115 ||| DRINKING 2 coppery potions.
  2116 | Sewer    | 2116 ||| DRINKING 2 bubbling amethyst potions.
  2117 | Sewer    | 2117 ||| DROPPING potion of magic.
  2132 | D:3      | 2132 ||| PLANNING D:1-11
  2250 | D:3      | 2250 ||| READING scroll labelled QUMAEWKAIPP.
  2251 | D:3      | 2251 ||| READING 2 scrolls of identify.
  2251 | D:3      | 2251 ||| IDENTIFYING puce potion
  2252 | D:3      | 2252 ||| DROPPING potion of brilliance.
  2277 | D:4      | 2277 ||| STAIRDANCE
  2447 | D:4      | Reached skill level 8 in Unarmed Combat
  2463 | D:4      | 2463 ||| Stepping ~*~*~tactically~*~*~ (outnumbered).
  2464 | D:4      | 2464 ||| Stepping ~*~*~tactically~*~*~ (outnumbered).
  2466 | D:4      | 2466 ||| Stepping ~*~*~tactically~*~*~ (outnumbered).
  2473 | D:4      | Reached XP level 7. HP: 50/66 MP: 7/7
  2566 | D:4      | Found Woin's Jewellery Boutique.
  2574 | D:4      | 2574 ||| SHOPLISTING +4 ring of evasion (468 gold, have
                  | 300).
  2574 | D:4      | 2574 ||| SHOPLISTING amulet of the acrobat (390 gold, have
                  | 300).
  2574 | D:4      | 2574 ||| SHOPLISTING ring of fire (325 gold, have 300).
  2574 | D:4      | 2574 ||| SHOPLISTING ring of ice (325 gold, have 300).
  2574 | D:4      | 2574 ||| BUYING ring of resist corrosion (260 gold).
  2574 | D:4      | Bought a ring of resist corrosion for 260 gold pieces
  2725 | D:4      | Reached skill level 3 in Fighting
  2996 | D:4      | Identified the +5 kite shield of Love and Death {Str+6
                  | Int+4}
  3033 | D:4      | 3033 ||| UPGRADING to +5 kite shield of Love and Death
                  | {Str+6 Int+4}.
  3038 | D:4      | 3038 ||| DROPPING +6 ring of intelligence.
  3039 | D:4      | 3039 ||| UPGRADING to ring of resist corrosion.
  3040 | D:4      | 3040 ||| READING scroll labelled UCUGOE HATTOFF.
  3041 | D:4      | 3041 ||| READING scroll labelled CODUAT PERAENN.
  3042 | D:4      | 3042 ||| READING scroll labelled FOANKITEEKK.
  3043 | D:4      | 3043 ||| DRINKING 2 glowing blue potions.
  3144 | D:4      | 3144 ||| READING 2 scrolls of identify.
  3144 | D:4      | 3144 ||| IDENTIFYING fizzy black potion
  3145 | D:4      | 3145 ||| DROPPING potion of ambrosia.
  3162 | D:5      | Entered Level 5 of the Dungeon
  3203 | D:5      | Reached skill level 1 in Shields
  3229 | D:5      | 3229 ||| Stepping ~*~*~tactically~*~*~ (stealth).
  3249 | D:5      | Reached skill level 3 in Shields
  3291 | D:5      | 3291 ||| FLEEEEING.
  3296 | D:5      | 3296 ||| FLEEEEING.
  3304 | D:5      | Reached XP level 8. HP: 75/75 MP: 8/8
  3327 | D:5      | 3327 ||| Stepping ~*~*~tactically~*~*~ (outnumbered).
  3328 | D:5      | 3328 ||| Stepping ~*~*~tactically~*~*~ (outnumbered).
  3540 | D:5      | 3540 ||| INVOKING Fiery Armour.
  3544 | D:5      | HP: 18/75 [centaur (4)]
  3697 | D:5      | 3697 ||| READING scroll labelled DOSAKI QUUGI LIDGH.
  3879 | D:6      | Reached skill level 6 in Shields
  4017 | D:6      | Found a staircase to the Ecumenical Temple.
  4107 | D:6      | 4107 ||| Stepping ~*~*~tactically~*~*~ (hiding).
  4115 | D:6      | Reached skill level 9 in Unarmed Combat
  4120 | D:6      | 4120 ||| FLEEEEING.
  4121 | D:6      | 4121 ||| Stepping ~*~*~tactically~*~*~ (hiding).
  4122 | D:6      | 4122 ||| FLEEEEING.
  4123 | D:6      | 4123 ||| Stepping ~*~*~tactically~*~*~ (hiding).
  4138 | D:6      | 4138 ||| INVOKING Fiery Armour.
  4141 | D:6      | HP: 18/75 [steam dragon (3)]
  4142 | D:6      | 4142 ||| READING 5 scrolls of teleportation.
  4143 | D:6      | 4143 ||| DRINKING 6 potions of heal wounds.
  4146 | D:6      | Reached XP level 9. HP: 32/83 MP: 6/9
  5019 | D:6      | 5019 ||| UPGRADING to +0 steam dragon scales.
  5029 | D:6      | 5029 ||| DROPPING +0 robe.
  5030 | D:6      | 5030 ||| READING scroll of enchant armour.
  5030 | D:6      | 5030 ||| ENCHANTING +0 steam dragon scales.
  5031 | D:6      | 5031 ||| READING scroll labelled QEREYT EMUSSENGER.
  5032 | D:6      | 5032 ||| READING 3 scrolls of identify.
  5032 | D:6      | 5032 ||| IDENTIFYING lumpy sapphire potion
  5033 | D:6      | 5033 ||| READING 2 scrolls of identify.
  5033 | D:6      | 5033 ||| IDENTIFYING fuming clear potion
  5034 | D:6      | 5034 ||| DROPPING potion of flight.
  5085 | D:7      | Reached skill level 1 in Armour
  5127 | D:7      | Reached skill level 1 in Dodging
  5133 | D:7      | 5133 ||| INVOKING Fiery Armour.
  5226 | D:7      | Found Soaj's Weapon Boutique.
  5231 | D:7      | Found Zuraf's Jewellery Boutique.
  5239 | D:7      | 5239 ||| SHOPLISTING +4 ring of evasion (504 gold, have
                  | 87).
  5239 | D:7      | 5239 ||| SHOPLISTING +4 ring of protection (504 gold, have
                  | 87).
  5239 | D:7      | 5239 ||| SHOPLISTING +6 ring of dexterity (504 gold, have
                  | 87).
  5239 | D:7      | 5239 ||| SHOPLISTING amulet of guardian spirit (420 gold,
                  | have 87).
  5239 | D:7      | 5239 ||| SHOPLISTING ring of ice (350 gold, have 87).
  5239 | D:7      | 5239 ||| SHOPLISTING ring of poison resistance (280 gold,
                  | have 87).
  5239 | D:7      | 5239 ||| SHOPLISTING ring of see invisible (210 gold, have
                  | 87).
  5239 | D:7      | 5239 ||| SHOPLISTING ring of willpower (350 gold, have 87).
  5273 | D:7      | Found Wagu's Distillery.
  5329 | D:7      | Found Ybbarch's General Store.
  5337 | D:7      | 5337 ||| BUYING scroll of identify (22 gold).
  5337 | D:7      | Bought a scroll of identify for 22 gold pieces
  5343 | D:7      | Noticed Dowan
  5344 | D:7      | 5344 ||| Stepping ~*~*~tactically~*~*~ (outnumbered).
  5353 | D:7      | Reached skill level 10 in Unarmed Combat
  5364 | D:7      | Noticed Duvessa
  5365 | D:7      | 5365 ||| INVOKING Fiery Armour.
  5371 | D:7      | Killed Duvessa
  5372 | D:7      | Killed Dowan
  5428 | D:7      | 5428 ||| Stepping ~*~*~tactically~*~*~ (outnumbered).
  5429 | D:7      | 5429 ||| Stepping ~*~*~tactically~*~*~ (stealth).
  5430 | D:7      | 5430 ||| Stepping ~*~*~tactically~*~*~ (stealth).
  5436 | D:7      | 5436 ||| Stepping ~*~*~tactically~*~*~ (outnumbered).
  5437 | D:7      | 5437 ||| Stepping ~*~*~tactically~*~*~ (outnumbered).
  5438 | D:7      | 5438 ||| Stepping ~*~*~tactically~*~*~ (outnumbered).
  5481 | D:7      | Found Qaupt's Weapon Shop.
  5623 | D:7      | 5623 ||| SHOPLISTING potion of cancellation (96 gold, have
                  | 74).
  5623 | D:7      | 5623 ||| BUYING potion of curing (36 gold).
  5623 | D:7      | Bought a potion of curing for 36 gold pieces
  5623 | D:7      | 5623 ||| SHOPLISTING potion of haste (120 gold, have 38).
  5623 | D:7      | 5623 ||| SHOPLISTING potion of might (48 gold, have 38).
  5715 | D:7      | Found a blossoming altar of Fedhas.
  5720 | D:7      | Found a bloodstained altar of Trog.
  5720 | D:7      | Found a shimmering altar of Xom.
  5733 | D:7      | Found a broken altar of Ashenzari.
  5736 | D:7      | Found a hazy altar of Hepliaklqana.
  5756 | D:7      | 5756 ||| Stepping ~*~*~tactically~*~*~ (stealth).
  5794 | D:7      | 5794 ||| READING 4 scrolls of identify.
  5794 | D:7      | 5794 ||| IDENTIFYING fizzy clear potion
  5795 | D:7      | 5795 ||| READING 3 scrolls of identify.
  5795 | D:7      | 5795 ||| IDENTIFYING green potion
  5796 | D:7      | 5796 ||| DROPPING potion of attraction.
  5816 | D:8      | Noticed Joseph
  5817 | D:8      | 5817 ||| Stepping ~*~*~tactically~*~*~ (hiding).
  5827 | D:8      | Killed Joseph
  5871 | D:8      | Found Quhelori's Distillery.
  5883 | D:8      | 5883 ||| SHOPLISTING potion of cancellation (88 gold, have
                  | 38).
  5883 | D:8      | 5883 ||| SHOPLISTING potion of might (44 gold, have 38).
  5883 | D:8      | 5883 ||| SHOPLISTING potion of mutation (88 gold, have 38).
  5883 | D:8      | 5883 ||| SHOPLISTING potion of resistance (110 gold, have
                  | 38).
  6032 | D:8      | 6032 ||| FLEEEEING.
  6033 | D:8      | 6033 ||| FLEEEEING.
  6034 | D:8      | 6034 ||| FLEEEEING.
  6075 | D:8      | 6075 ||| FLEEEEING.
  6076 | D:8      | 6076 ||| FLEEEEING.
  6096 | D:8      | 6096 ||| FLEEEEING.
  6097 | D:8      | 6097 ||| FLEEEEING.
  6116 | D:8      | 6116 ||| FLEEEEING.
  6160 | D:8      | 6160 ||| Stepping ~*~*~tactically~*~*~ (hiding).
  6166 | D:8      | 6166 ||| Stepping ~*~*~tactically~*~*~ (hiding).
  6192 | D:8      | 6192 ||| Stepping ~*~*~tactically~*~*~ (stealth).
  6194 | D:8      | 6194 ||| Stepping ~*~*~tactically~*~*~ (stealth).
  6200 | D:8      | 6200 ||| Stepping ~*~*~tactically~*~*~ (stealth).
  6275 | D:8      | Noticed Grum
  6276 | D:8      | 6276 ||| INVOKING Fiery Armour.
  6280 | D:8      | Killed Grum
  6281 | D:8      | Reached XP level 10. HP: 68/92 MP: 10/10
  6360 | D:8      | 6360 ||| Stepping ~*~*~tactically~*~*~ (stealth).
  6363 | D:8      | 6363 ||| Stepping ~*~*~tactically~*~*~ (stealth).
  6365 | D:8      | 6365 ||| Stepping ~*~*~tactically~*~*~ (stealth).
  6370 | D:8      | 6370 ||| Stepping ~*~*~tactically~*~*~ (outnumbered).
  6372 | D:8      | 6372 ||| Stepping ~*~*~tactically~*~*~ (outnumbered).
  6373 | D:8      | 6373 ||| Stepping ~*~*~tactically~*~*~ (outnumbered).
  6374 | D:8      | 6374 ||| Stepping ~*~*~tactically~*~*~ (outnumbered).
  6376 | D:8      | 6376 ||| Stepping ~*~*~tactically~*~*~ (outnumbered).
  6391 | D:8      | 6391 ||| INVOKING Fiery Armour.
  6392 | D:8      | 6392 ||| Stepping ~*~*~tactically~*~*~ (outnumbered).
  6410 | D:8      | Reached skill level 1 in Throwing
  6497 | D:8      | 6497 ||| Stepping ~*~*~tactically~*~*~ (outnumbered).
  6593 | D:8      | 6593 ||| Stepping ~*~*~tactically~*~*~ (stealth).
  6594 | D:8      | 6594 ||| Stepping ~*~*~tactically~*~*~ (stealth).
  6601 | D:8      | 6601 ||| Stepping ~*~*~tactically~*~*~ (stealth).
  6602 | D:8      | 6602 ||| Stepping ~*~*~tactically~*~*~ (stealth).
  6606 | D:8      | 6606 ||| Stepping ~*~*~tactically~*~*~ (hiding).
  6607 | D:8      | 6607 ||| Stepping ~*~*~tactically~*~*~ (hiding).
  6608 | D:8      | 6608 ||| Stepping ~*~*~tactically~*~*~ (hiding).
  6616 | D:8      | 6616 ||| Stepping ~*~*~tactically~*~*~ (outnumbered).
  6617 | D:8      | 6617 ||| Stepping ~*~*~tactically~*~*~ (outnumbered).
  6655 | D:8      | 6655 ||| Stepping ~*~*~tactically~*~*~ (stealth).
  6656 | D:8      | 6656 ||| Stepping ~*~*~tactically~*~*~ (stealth).
  6745 | D:8      | Reached skill level 3 in Throwing
  6784 | D:8      | 6784 ||| UPGRADING to amulet of the acrobat.
  6789 | D:8      | 6789 ||| UPGRADING to amulet of reflection.
  6799 | D:8      | 6799 ||| DROPPING amulet of the acrobat.
  6800 | D:8      | 6800 ||| READING 2 scrolls labelled LEPEUTWERCH.
  6801 | D:8      | 6801 ||| DROPPING scroll of fear.
  6860 | D:9      | 6860 ||| Stepping ~*~*~tactically~*~*~ (stealth).
  6861 | D:9      | 6861 ||| Stepping ~*~*~tactically~*~*~ (stealth).
  6867 | D:9      | 6867 ||| Stepping ~*~*~tactically~*~*~ (outnumbered).
  6868 | D:9      | 6868 ||| Stepping ~*~*~tactically~*~*~ (outnumbered).
  6869 | D:9      | 6869 ||| Stepping ~*~*~tactically~*~*~ (outnumbered).
  6926 | D:9      | Noticed a two-headed ogre
  6927 | D:9      | 6927 ||| Stepping ~*~*~tactically~*~*~ (stealth).
  6935 | D:9      | Killed a two-headed ogre
  6936 | D:9      | Reached skill level 11 in Unarmed Combat
  6989 | D:9      | 6989 ||| Stepping ~*~*~tactically~*~*~ (outnumbered).
  6999 | D:9      | Reached skill level 9 in Shields
  7013 | D:9      | Identified the +1 cloak of the Land of Plenty {-Tele rF+++
                  | Will- Regen+}
  7024 | D:9      | 7024 ||| Stepping ~*~*~tactically~*~*~ (hiding).
  7030 | D:9      | 7030 ||| FLEEEEING.
  7031 | D:9      | 7031 ||| FLEEEEING.
  7033 | D:9      | 7033 ||| FLEEEEING.
  7034 | D:9      | 7034 ||| Stepping ~*~*~tactically~*~*~ (hiding).
  7036 | D:9      | 7036 ||| Stepping ~*~*~tactically~*~*~ (hiding).
  7041 | D:9      | 7041 ||| Stepping ~*~*~tactically~*~*~ (outnumbered).
  7070 | D:9      | Found Ryvoh's General Store.
  7078 | D:9      | 7078 ||| BUYING potion of curing (33 gold).
  7078 | D:9      | Bought a potion of curing for 33 gold pieces
  7078 | D:9      | 7078 ||| SHOPLISTING ring of poison resistance (220 gold,
                  | have 57).
  7108 | D:9      | Noticed a two-headed ogre
  7116 | D:9      | Killed a two-headed ogre
  7117 | D:9      | Reached skill level 12 in Unarmed Combat
  7248 | D:9      | 7248 ||| Stepping ~*~*~tactically~*~*~ (stealth).
  7270 | D:9      | 7270 ||| Stepping ~*~*~tactically~*~*~ (outnumbered).
  7333 | D:9      | 7333 ||| Stepping ~*~*~tactically~*~*~ (stealth).
  7341 | D:9      | 7341 ||| Stepping ~*~*~tactically~*~*~ (stealth).
  7343 | D:9      | 7343 ||| Stepping ~*~*~tactically~*~*~ (stealth).
  7445 | D:9      | 7445 ||| Stepping ~*~*~tactically~*~*~ (outnumbered).
  7446 | D:9      | 7446 ||| Stepping ~*~*~tactically~*~*~ (outnumbered).
  7447 | D:9      | 7447 ||| Stepping ~*~*~tactically~*~*~ (outnumbered).
  7448 | D:9      | 7448 ||| Stepping ~*~*~tactically~*~*~ (outnumbered).
  7450 | D:9      | Reached XP level 11. HP: 83/102 MP: 11/11
  7451 | D:9      | 7451 ||| Stepping ~*~*~tactically~*~*~ (outnumbered).
  7452 | D:9      | 7452 ||| Stepping ~*~*~tactically~*~*~ (outnumbered).
  7453 | D:9      | 7453 ||| Stepping ~*~*~tactically~*~*~ (outnumbered).
  7456 | D:9      | 7456 ||| Stepping ~*~*~tactically~*~*~ (outnumbered).
  7458 | D:9      | 7458 ||| Stepping ~*~*~tactically~*~*~ (outnumbered).
  7459 | D:9      | 7459 ||| Stepping ~*~*~tactically~*~*~ (outnumbered).
  7460 | D:9      | 7460 ||| Stepping ~*~*~tactically~*~*~ (outnumbered).
  7461 | D:9      | 7461 ||| Stepping ~*~*~tactically~*~*~ (outnumbered).
  7462 | D:9      | 7462 ||| Stepping ~*~*~tactically~*~*~ (outnumbered).
  7463 | D:9      | 7463 ||| Stepping ~*~*~tactically~*~*~ (outnumbered).
  7467 | D:9      | 7467 ||| Stepping ~*~*~tactically~*~*~ (outnumbered).
  7468 | D:9      | 7468 ||| Stepping ~*~*~tactically~*~*~ (outnumbered).
  7469 | D:9      | 7469 ||| Stepping ~*~*~tactically~*~*~ (outnumbered).
  7470 | D:9      | 7470 ||| Stepping ~*~*~tactically~*~*~ (outnumbered).
  7471 | D:9      | 7471 ||| Stepping ~*~*~tactically~*~*~ (outnumbered).
  7472 | D:9      | 7472 ||| Stepping ~*~*~tactically~*~*~ (outnumbered).
  7473 | D:9      | 7473 ||| Stepping ~*~*~tactically~*~*~ (outnumbered).
  7474 | D:9      | 7474 ||| Stepping ~*~*~tactically~*~*~ (outnumbered).
  7475 | D:9      | 7475 ||| Stepping ~*~*~tactically~*~*~ (outnumbered).
  7531 | D:9      | Noticed Erica
  7532 | D:9      | 7532 ||| INVOKING Fiery Armour.
  7538 | D:9      | Killed Erica
  7571 | D:9      | 7571 ||| Stepping ~*~*~tactically~*~*~ (hiding).
  7670 | D:9      | Reached skill level 13 in Unarmed Combat
  7809 | D:9      | 7809 ||| READING 4 scrolls of identify.
  7809 | D:9      | 7809 ||| IDENTIFYING red potion
  7810 | D:9      | 7810 ||| DROPPING potion of berserk rage.
  7853 | D:10     | Entered Level 10 of the Dungeon
  7882 | D:10     | Noticed a two-headed ogre
  7892 | D:10     | Killed a two-headed ogre
  7940 | D:10     | 7940 ||| READING scroll of enchant armour.
  7940 | D:10     | 7940 ||| ENCHANTING +1 steam dragon scales.
  8112 | D:10     | Found a transporter.
  8149 | D:10     | 8149 ||| INVOKING Fiery Armour.
  8174 | D:10     | 8174 ||| FLEEEEING.
  8175 | D:10     | 8175 ||| FLEEEEING.
  8176 | D:10     | 8176 ||| FLEEEEING.
  8177 | D:10     | 8177 ||| FLEEEEING.
  8178 | D:10     | 8178 ||| FLEEEEING.
  8260 | D:10     | Found a transporter.
  8272 | D:10     | 8272 ||| Stepping ~*~*~tactically~*~*~ (stealth).
  8448 | D:10     | 8448 ||| Stepping ~*~*~tactically~*~*~ (hiding).
  8449 | D:10     | 8449 ||| Stepping ~*~*~tactically~*~*~ (hiding).
  8453 | D:10     | 8453 ||| Stepping ~*~*~tactically~*~*~ (stealth).
  8739 | D:10     | 8739 ||| Stepping ~*~*~tactically~*~*~ (stealth).
  8741 | D:10     | 8741 ||| Stepping ~*~*~tactically~*~*~ (hiding).
  8747 | D:10     | 8747 ||| Stepping ~*~*~tactically~*~*~ (stealth).
  8755 | D:10     | 8755 ||| Stepping ~*~*~tactically~*~*~ (stealth).
  8757 | D:10     | 8757 ||| Stepping ~*~*~tactically~*~*~ (stealth).
  8760 | D:10     | 8760 ||| Stepping ~*~*~tactically~*~*~ (hiding).
  8761 | D:10     | 8761 ||| Stepping ~*~*~tactically~*~*~ (hiding).
  8793 | D:10     | 8793 ||| Stepping ~*~*~tactically~*~*~ (stealth).
  8794 | D:10     | 8794 ||| Stepping ~*~*~tactically~*~*~ (stealth).
  8814 | D:10     | 8814 ||| Stepping ~*~*~tactically~*~*~ (stealth).
  8820 | D:10     | 8820 ||| Stepping ~*~*~tactically~*~*~ (hiding).
  8872 | D:10     | Found a staircase to the Orcish Mines.
  9063 | D:10     | 9063 ||| Stepping ~*~*~tactically~*~*~ (stealth).
  9074 | D:11     | 9074 ||| PLANNING GAUNTLET
  9149 | D:11     | 9149 ||| Stepping ~*~*~tactically~*~*~ (stealth).
  9151 | D:11     | 9151 ||| Stepping ~*~*~tactically~*~*~ (hiding).
  9154 | D:11     | 9154 ||| Stepping ~*~*~tactically~*~*~ (hiding).
  9178 | D:11     | Found a gate leading to a gauntlet.
  9179 | D:11     | 9179 ||| UPGRADING to +2 robe of resistance.
  9197 | Gauntlet | Entered a Gauntlet
  9197 | Gauntlet | Found a transporter.
  9197 | Gauntlet | Found a transporter.
  9197 | Gauntlet | Found a transporter.
  9198 | Gauntlet | Found a transporter.
  9199 | Gauntlet | Found a transporter.
  9202 | Gauntlet | Found a transporter.
  9208 | Gauntlet | Found a transporter.
  9210 | Gauntlet | Found a transporter.
  9211 | Gauntlet | Found a transporter.
  9213 | Gauntlet | Found a transporter.
  9219 | Gauntlet | Noticed a death yak
  9220 | Gauntlet | Noticed a death yak
  9220 | Gauntlet | Noticed a death yak
  9220 | Gauntlet | Noticed a death yak
  9221 | Gauntlet | Noticed a death yak
  9222 | Gauntlet | Found a transporter.
  9226 | Gauntlet | Found a transporter.
  9226 | Gauntlet | Noticed an entropy weaver
  9419 | Gauntlet | 9419 ||| INVOKING Fiery Armour.
  9493 | Gauntlet | Killed a death yak
  9494 | Gauntlet | Reached skill level 14 in Unarmed Combat
  9494 | Gauntlet | HP: 22/102 [death yak (17)]
  9495 | Gauntlet | 9495 ||| DRINKING 6 potions of heal wounds.
  9502 | Gauntlet | HP: 20/102 [death yak (12)]
  9503 | Gauntlet | 9503 ||| DRINKING 5 potions of heal wounds.
  9508 | Gauntlet | HP: 21/104 [death yak (12)]
  9509 | Gauntlet | 9509 ||| DRINKING 4 potions of heal wounds.
  9511 | Gauntlet | Killed a death yak
  9516 | Gauntlet | HP: 10/105 [death yak (24)]
  9517 | Gauntlet | 9517 ||| DRINKING 3 potions of heal wounds.
  9520 | Gauntlet | Killed a death yak
  9521 | Gauntlet | Reached skill level 6 in Fighting
  9524 | Gauntlet | 9524 ||| INVOKING Fiery Armour.
  9524 | Gauntlet | HP: 15/105 [death yak (17)]
  9525 | Gauntlet | 9525 ||| DRINKING 2 potions of heal wounds.
  9528 | Gauntlet | Killed a death yak
  9530 | Gauntlet | HP: 14/105 [death yak (16)]
  9531 | Gauntlet | 9531 ||| DRINKING potion of heal wounds.
  9537 | Gauntlet | Killed a death yak
  9538 | Gauntlet | Reached XP level 12. HP: 51/114 MP: 12/12
  9601 | Gauntlet | Identified the +2 sling "Gyh Tyic" {flame, Will+ Int-3
                  | Dex+4 Stlth+}
  9607 | Gauntlet | 9607 ||| DROPPING ring of wizardry.
  9643 | Gauntlet | Found the +4 Cigotuvi's embrace {rMiasma Drain rN+}
  9643 | Gauntlet | Identified the +6 plate armour of Ynaot {Int+3 Dex+2}
  9643 | Gauntlet | Noticed a minotaur
  9651 | Gauntlet | 9651 ||| INVOKING Fiery Armour.
  9654 | Gauntlet | HP: 23/114 [minotaur/+2 rapier of venom (8)]
  9657 | Gauntlet | HP: 11/114 [poisoned by a minotaur]
  9658 | Gauntlet | Killed a minotaur
  9662 | Gauntlet | HP: 7/114 [poisoned by a minotaur]
  9807 | Gauntlet | 9807 ||| READING scroll labelled FAD ONGUSCHAO.
  9908 | Gauntlet | 9908 ||| READING 3 scrolls of identify.
  9908 | Gauntlet | 9908 ||| IDENTIFYING sapphire potion
  9924 | D:11     | 9924 ||| PLANNING D:1-11
  9943 | D:11     | Found a staircase to the Lair.
  9959 | D:11     | 9959 ||| Stepping ~*~*~tactically~*~*~ (stealth).
  9972 | D:11     | 9972 ||| Stepping ~*~*~tactically~*~*~ (outnumbered).
 10032 | D:11     | 10032 ||| Stepping ~*~*~tactically~*~*~ (stealth).
 10342 | D:11     | 10342 ||| INVOKING Fiery Armour.
 10350 | D:11     | 10350 ||| FLEEEEING.
 10351 | D:11     | 10351 ||| FLEEEEING.
 10352 | D:11     | 10352 ||| FLEEEEING.
 10353 | D:11     | 10353 ||| FLEEEEING.
 10354 | D:11     | 10354 ||| Stepping ~*~*~tactically~*~*~ (hiding).
 10359 | D:11     | 10359 ||| Stepping ~*~*~tactically~*~*~ (outnumbered).
 10360 | D:11     | 10360 ||| Stepping ~*~*~tactically~*~*~ (outnumbered).
 10361 | D:11     | 10361 ||| Stepping ~*~*~tactically~*~*~ (hiding).
 10366 | D:11     | Reached skill level 6 in Throwing
 10612 | D:11     | Identified the +7 glaive of Bankruptcy {vorpal, rPois rC-
                  | Int+2}
 10619 | D:11     | 10619 ||| PLANNING LAIR
 10619 | D:11     | 10619 ||| UPGRADING to ring of willpower.
 10675 | Lair:1   | Entered Level 1 of the Lair of Beasts
 10743 | Lair:1   | 10743 ||| Stepping ~*~*~tactically~*~*~ (stealth).
 10744 | Lair:1   | 10744 ||| Stepping ~*~*~tactically~*~*~ (stealth).
 10751 | Lair:1   | Reached skill level 15 in Unarmed Combat
 10754 | Lair:1   | 10754 ||| Stepping ~*~*~tactically~*~*~ (stealth).
 10755 | Lair:1   | 10755 ||| Stepping ~*~*~tactically~*~*~ (stealth).
 10756 | Lair:1   | 10756 ||| Stepping ~*~*~tactically~*~*~ (stealth).
 10758 | Lair:1   | 10758 ||| Stepping ~*~*~tactically~*~*~ (stealth).
 10766 | Lair:1   | 10766 ||| Stepping ~*~*~tactically~*~*~ (outnumbered).
 10767 | Lair:1   | 10767 ||| Stepping ~*~*~tactically~*~*~ (outnumbered).
 10768 | Lair:1   | 10768 ||| Stepping ~*~*~tactically~*~*~ (outnumbered).
 10769 | Lair:1   | 10769 ||| Stepping ~*~*~tactically~*~*~ (outnumbered).
 10770 | Lair:1   | 10770 ||| Stepping ~*~*~tactically~*~*~ (outnumbered).
 10771 | Lair:1   | 10771 ||| Stepping ~*~*~tactically~*~*~ (outnumbered).
 10772 | Lair:1   | 10772 ||| Stepping ~*~*~tactically~*~*~ (outnumbered).
 10773 | Lair:1   | 10773 ||| Stepping ~*~*~tactically~*~*~ (outnumbered).
 10774 | Lair:1   | 10774 ||| Stepping ~*~*~tactically~*~*~ (outnumbered).
 10775 | Lair:1   | 10775 ||| Stepping ~*~*~tactically~*~*~ (outnumbered).
 10776 | Lair:1   | 10776 ||| Stepping ~*~*~tactically~*~*~ (outnumbered).
 10777 | Lair:1   | 10777 ||| Stepping ~*~*~tactically~*~*~ (outnumbered).
 10780 | Lair:1   | 10780 ||| Stepping ~*~*~tactically~*~*~ (outnumbered).
 10880 | Lair:1   | Noticed Fannar
 10899 | Lair:1   | 10899 ||| Stepping ~*~*~tactically~*~*~ (outnumbered).
 10900 | Lair:1   | 10900 ||| Stepping ~*~*~tactically~*~*~ (outnumbered).
 10902 | Lair:1   | 10902 ||| Stepping ~*~*~tactically~*~*~ (outnumbered).
 10903 | Lair:1   | 10903 ||| Stepping ~*~*~tactically~*~*~ (outnumbered).
 10932 | Lair:1   | Killed Fannar
 11067 | Lair:1   | 11067 ||| Stepping ~*~*~tactically~*~*~ (stealth).
 11383 | Lair:1   | 11383 ||| Stepping ~*~*~tactically~*~*~ (stealth).
 11451 | Lair:1   | 11451 ||| Stepping ~*~*~tactically~*~*~ (stealth).
 11452 | Lair:1   | 11452 ||| Stepping ~*~*~tactically~*~*~ (stealth).
 11453 | Lair:1   | 11453 ||| Stepping ~*~*~tactically~*~*~ (stealth).
 11624 | Lair:1   | 11624 ||| UPGRADING to scarf of resistance.
 11629 | Lair:1   | 11629 ||| READING 2 scrolls of identify.
 11629 | Lair:1   | 11629 ||| IDENTIFYING golden potion
 11630 | Lair:1   | 11630 ||| DROPPING potion of invisibility.
 11658 | Lair:2   | Noticed Maggie
 11670 | Lair:2   | Killed Maggie
 11795 | Lair:2   | 11795 ||| Stepping ~*~*~tactically~*~*~ (stealth).
 11796 | Lair:2   | 11796 ||| Stepping ~*~*~tactically~*~*~ (stealth).
 11825 | Lair:2   | Reached XP level 13. HP: 120/120 MP: 13/13
 11829 | Lair:2   | 11829 ||| Stepping ~*~*~tactically~*~*~ (stealth).
 11831 | Lair:2   | 11831 ||| Stepping ~*~*~tactically~*~*~ (stealth).
 12103 | Lair:2   | Reached skill level 16 in Unarmed Combat
 12261 | Lair:2   | Found a frozen archway.
 12548 | Lair:3   | 12548 ||| Stepping ~*~*~tactically~*~*~ (stealth).
 12561 | Lair:3   | 12561 ||| Stepping ~*~*~tactically~*~*~ (outnumbered).
 12596 | Lair:3   | 12596 ||| FLEEEEING.
 12597 | Lair:3   | 12597 ||| FLEEEEING.
 12599 | Lair:3   | 12599 ||| FLEEEEING.
 12620 | Lair:3   | 12620 ||| Stepping ~*~*~tactically~*~*~ (outnumbered).
 12753 | Lair:3   | 12753 ||| Stepping ~*~*~tactically~*~*~ (outnumbered).
 12755 | Lair:3   | 12755 ||| Stepping ~*~*~tactically~*~*~ (outnumbered).
 12756 | Lair:3   | 12756 ||| Stepping ~*~*~tactically~*~*~ (outnumbered).
 12815 | Lair:3   | Found a staircase to the Snake Pit.
 12843 | Lair:3   | Found a staircase to the Swamp.
 12844 | Lair:3   | 12844 ||| Stepping ~*~*~tactically~*~*~ (hiding).
 13015 | Lair:3   | 13015 ||| Stepping ~*~*~tactically~*~*~ (stealth).
 13196 | Lair:3   | 13196 ||| Stepping ~*~*~tactically~*~*~ (stealth).
 13197 | Lair:3   | 13197 ||| Stepping ~*~*~tactically~*~*~ (stealth).
 13218 | Lair:3   | 13218 ||| Stepping ~*~*~tactically~*~*~ (stealth).
 13219 | Lair:3   | 13219 ||| Stepping ~*~*~tactically~*~*~ (stealth).
 13220 | Lair:3   | 13220 ||| Stepping ~*~*~tactically~*~*~ (stealth).
 13223 | Lair:3   | HP: 29/124 [ten-headed hydra (5)]
 13224 | Lair:3   | 13224 ||| READING 8 scrolls of teleportation.
 13224 | Lair:3   | HP: 12/124 [ten-headed hydra (8)]
 13225 | Lair:3   | 13225 ||| DRINKING potion of heal wounds.
 13226 | Lair:3   | HP: 3/124 [ten-headed hydra (13)]
 13226 | Lair:3   | Slain by a ten-headed hydra

Levels and vault maps discovered:
D:1:      onia_arrival_zoo_common, layout_basic,
          dreamdust_ecumenical_altar_statues, minmay_box_of_dots
D:2:      layout_rooms, basic_altar, uniq_natasha
D:3:      layout_basic, cheibrodos_sewer_entry_drain, uniq_ijyb
D:4:      layout_basic, serial_shops, nicolae_diamond_shop
D:5:      layout_basic
D:6:      layout_layer_cave, minmay_temple_entry_glass, minmay_curled_crystal,
          st_stairs_6
D:7:      layout_cave_pools, minmay_overflow_temple_star_hex, serial_shops,
          nicolae_shop_bloodbath_and_beyond, nicolae_inconvenience_store, shop,
          shop, nicolae_shop_advertising_works [nicolae_subvault_shop_adworks],
          uniq_duvessa
D:8:      layout_cave_pools, serial_gnoll_camp, gnoll_camp_mini_shop,
          gnoll_camp_mini_house, gnoll_camp_mini_hut, gnoll_camp_mini_hut,
          grums_kennel, gnoll_camp_medium_02, small_statue_intersection,
          nicolae_lava_and_water, uniq_joseph
D:9:      layout_stronghold, serial_shops, nicolae_square_shop, uniq_erica
D:10:     gammafunk_worm_tunnel, layout_loops_corners, david_orc_4
D:11:     layout_roguey, lair_entry_dummy, gauntlet_entry_generic,
          grunt_ministairs_15, minmay_fractal_squares_gapless_5
Lair:1:   layout_small_grid, st_stairs_6, grunt_megastairs_1,
          infiniplex_staircase_pool, serial_bayou_shore_b, uniq_fannar
Lair:2:   layout_chaotic_city, portal_ice_cave_entry_pillars_1, uniq_maggie
Lair:3:   layout_loops_ring, skrybe_swamp_entry_bodies, dummy_snake_entry,
          lemuel_fruit_tree

Skill      XL: |  1  2  3  4  5  6  7  8  9 10 11 12 13 |
---------------+----------------------------------------+-----
Unarmed Combat | 4 5 6 8 9 10 12 14 15 16 | 16.1
Fighting       | 3 4 5 6 7 |  7.0
Shields        | 3 6 8 9 10 11 | 11.2
Armour         | 1 |  1.2
Dodging        | 1 2 |  2.1
Throwing       | 3 6 7 |  7.0
Spellcasting   | |  1.0
Fire Magic     | |  2.1

Action                   |  1- 3 |  4- 6 |  7- 9 | 10-12 | 13-15 || total
-------------------------+-------+-------+-------+-------+-------++-------
Melee: Unarmed           |    79 |   148 |   253 |   649 |    97 ||  1226
       Punch             |     3 |     3 |     1 |       |       ||     7
Throw: Boomerang         |       |       |     2 |    47 |       ||    49
       Javelin           |       |       |       |     7 |       ||     7
       Large rock        |       |       |       |    26 |    23 ||    49
Invok: Fiery Armour      |       |       |     5 |     7 |       ||    12
  Use: Scroll            |     4 |     4 |    12 |     6 |     1 ||    27
       Potion            |       |     4 |     2 |     6 |     1 ||    13
Armor: Robe              |    25 |    44 |    25 |    32 |    13 ||   139
       Steam dragon scal |       |       |    47 |    49 |       ||    96
Dodge: Dodged            |    23 |    29 |    69 |   117 |    16 ||   254
Block: Kite shield       |       |       |   162 |   486 |    74 ||   722
       Reflection        |       |       |       |     8 |     1 ||     9

Table legend:
 A = Non-vault XP
 B = Vault XP
 C = Vault XP percentage of total XP
 D = Non-vault monster count
 E = Vault monster count
 F = Vault count percentage of total count
                 A         B        C        D         E       F
            +---------+---------+-------+---------+---------+-------
      Total |   30007 |   17186 |  36.4 |     275 |     121 |  30.6
            +---------+---------+-------+---------+---------+-------
        D:1 |      24 |       3 |  11.1 |      14 |       2 |  12.5
        D:2 |      64 |      35 |  35.4 |      17 |       1 |   5.6
        D:3 |     165 |      40 |  19.5 |      23 |       4 |  14.8
        D:4 |     414 |       0 |   0.0 |      12 |       0 |   0.0
        D:5 |     723 |       0 |   0.0 |      15 |       0 |   0.0
        D:6 |    1054 |     124 |  10.5 |      17 |       1 |   5.6
        D:7 |    1233 |     218 |  15.0 |      21 |       2 |   8.7
        D:8 |     890 |    1495 |  62.7 |      16 |      29 |  64.4
        D:9 |    5543 |     839 |  13.1 |      42 |       1 |   2.3
       D:10 |    1956 |     753 |  27.8 |      16 |      16 |  50.0
       D:11 |    3040 |    2130 |  41.2 |      21 |       7 |  25.0
     Lair:1 |    5468 |    2212 |  28.8 |      25 |       8 |  24.2
     Lair:2 |    3275 |     398 |  10.8 |      14 |       1 |   6.7
     Lair:3 |    6158 |    1370 |  18.2 |      22 |       2 |   8.3
      Sewer |       0 |     260 | 100.0 |       0 |      31 | 100.0
   Gauntlet |       0 |    7309 | 100.0 |       0 |      16 | 100.0
            +---------+---------+-------+---------+---------+-------
